 Dungeon Crawl Stone Soup version 0.27.1-1-g398f81649c (webtiles) character file.

Game seed: 18302563702065719612

6066 TheDoctor the Thrower (level 10, 0/106 HPs)
             Began as an Octopode Hedge Wizard on Sept 21, 2021.
             Was an Initiate of Sif Muna.
             Slain by a killer bee (6 damage)
             ... on level 9 of the Dungeon.
             The game lasted 01:03:32 (14994 turns).

TheDoctor the Thrower (Octopode Hedge Wizard)      Turns: 14994, Time: 01:03:33

Health: 0/106      AC: 25    Str:  9    XL:     10   Next: 87%
Magic:  2/17       EV:  2    Int: 22    God:    Sif Muna [......]
Gold:   492        SH:  0    Dex: 27    Spells: 8/19 levels left

rFire    + + +     SeeInvis +   j - +1 dagger (venom)
rCold    . . .     Faith    .   (no shield)
rNeg     + + +     Spirit   .   (helmet currently unavailable)
rPois    +         Reflect  .   t - amulet of the acrobat
rElec    .         Harm     .   C - +6 ring of dexterity
rCorr    .         Rampage  .   H - ring "Zicicarr" {rN+ Int+5 Dex+6}
Will     .....     NoTele   +   a - ring of protection from fire
Stlth    +++.......             G - ring of protection from fire
HPRegen  0.27/turn              K - ring of protection from fire
MPRegen  0.15/turn              Q - ring of see invisible
                                (no ring)
                                (no ring)

@: mighty, lethally poisoned (0 -> -12), tree-form, attractive
A: stationary, stasis, torment immunity, boosted hp, almost no armour,
(amphibious), 8 rings, (camouflage 1), (gelatinous body 1), (nimble swimmer 1),
(tentacles)
a: Renounce Religion


You were on level 9 of the Dungeon.
You worshipped Sif Muna.
Sif Muna was noncommittal.
You were a tree.
You visited 2 branches of the dungeon, and saw 10 of its levels.

You collected 492 gold pieces.

Inventory:

Hand Weapons
 j - a +1 dagger of venom (weapon)
 A - a +5 short sword of freezing
 B - a +0 halberd
 J - a +2 halberd of flaming
Missiles
 g - 50 poisoned darts (quivered)
 s - 2 javelins
 x - 16 boomerangs
Armour
 R - a +0 hat of willpower (melded)
Magical Staves
 v - a staff of poison
Jewellery
 a - a ring of protection from fire (on tentacle)
 t - an amulet of the acrobat (around neck)
 y - an amulet of guardian spirit
 C - a +6 ring of dexterity (left branch)
 F - an amulet of magic regeneration
 G - a ring of protection from fire (on tentacle)
 H - the ring "Zicicarr" (right branch) {rN+ Int+5 Dex+6}
   (You found it on level 6 of the Dungeon)

   [ring of positive energy]

   Int:       It affects your intelligence (+5).
   Dex:       It affects your dexterity (+6).
   rN:        It protects you from negative energy.
 K - a ring of protection from fire (on tentacle)
 Q - a ring of see invisible (on tentacle)
Wands
 n - a wand of flame (4)
 z - a wand of iceblast (16)
 L - a wand of charming (2)
Scrolls
 c - 3 scrolls of noise
 d - 2 scrolls of brand weapon {unknown}
 e - 4 scrolls of enchant weapon
 h - 4 scrolls of teleportation
 i - 2 scrolls of amnesia {unknown}
 o - a scroll of enchant armour {unknown}
 p - a scroll of torment {unknown}
 q - 3 scrolls of acquirement {unknown}
 w - a scroll of vulnerability {unknown}
 E - 2 scrolls of immolation {unknown}
 I - a scroll of magic mapping {unknown}
 N - a scroll of blinking {unknown}
 O - a scroll of holy word {unknown}
Potions
 b - a potion of heal wounds {unknown}
 f - 2 potions of resistance
 k - 2 potions of ambrosia
 l - a potion of magic {unknown}
 r - a potion of invisibility
 u - a potion of attraction
 D - a potion of might
 M - a potion of brilliance {unknown}
 P - a potion of berserk rage {unknown}


   Skills:
 - Level 7.0 Fighting
 - Level 9.1 Throwing
 - Level 2.0 Dodging
 - Level 2.6 Stealth
 + Level 5.0 Spellcasting
 - Level 7.0 Conjurations
 - Level 3.0 Hexes
 - Level 1.0 Summonings
 - Level 4.0 Translocations
 - Level 3.0 Poison Magic
 + Level 5.0 Evocations


You had 8 spell levels left.
You knew the following spells:

 Your Spells              Type           Power      Damage    Failure   Level
a - Magic Dart            Conj           100%       1d8       1%          1
b - Blink                 Tloc           N/A        N/A       3%          2
c - Mephitic Cloud        Conj/Pois/Air  20%        N/A       8%          3
d - Slow                  Hex            18%        N/A       4%          2
e - Conjure Flame         Conj/Fire      20%        6-21      7%          3

Your spell library contained the following spells:

 Spells                   Type           Power      Damage    Failure   Level
 Foxfire                  Conj/Fire      80%        2x1d8     2%          1
 Shock                    Conj/Air       80%        1d8       2%          1
 Call Imp                 Summ           9%         N/A       10%         2
 Sublimation of Blood     Necr           2%         N/A       16%         2
 Wereblood                Tmut           5%         N/A       16%         2
 Inner Flame              Hex/Fire       12%        N/A       16%         3
 Swiftness                Air            5%         N/A       30%         3
 Airstrike                Air            2%         N/A       69%         4
 Summon Hydra             Summ           4%         N/A       100%        7


Dungeon Overview and Level Annotations

Branches:
Dungeon (9/15)             Temple (1/1) D:4
   Lair: D:8-11         Orc: D:9-12

Altars:
Ashenzari
Cheibriados
Dithmenos
Elyvilon
Fedhas
Gozag
Hepliaklqana
Kikubaaqudgha
Makhleb
Nemelex Xobeh
Okawaru
Qazlal
Ru
Sif Muna
Uskayaw
Vehumet
Wu Jian
Xom
Yredelemnul
Zin
The Shining One

Shops:
D:4 (   D:6 (([*   D:9 *

Annotations:
D:4 2 runed translucent doors, NFM's ghost, weakling MiFi


Innate Abilities, Weirdness & Mutations

You are a tree.
Your roots penetrate the ground, keeping you stationary.
You cannot be teleported.
You are immune to unholy pain and torment.
Your maximum health is greatly increased.
You cannot wear most types of armour.
((You are amphibious.))
You can wear up to eight rings at the same time.
((Your skin changes colour to match your surroundings (Stealth+).))
((Your rubbery body absorbs attacks. (AC +1, EV +1)))
((You are camouflaged near water. (Stealth+)))
((You have tentacles for arms and can constrict up to eight enemies at once.))


Message History

The killer bee stings you but does no damage.
The killer bee stings you.
* * * LOW HITPOINT WARNING * * *
The killer bee stings you but does no damage. x4
You closely miss the killer bee.
The killer bee is lightly wounded.
You feel sick.
The killer bee stings you but does no damage. x6
Your magical contamination has completely faded away.
Okay, then.
Unknown command.
Okay, then.
You hit the killer bee.
The killer bee is lightly wounded.
You feel sick. The killer bee stings you.
* * * LOW HITPOINT WARNING * * *
You are more poisoned.
The killer bee poisons you! The killer bee barely misses you.
The killer bee stings you.
* * * LOW HITPOINT WARNING * * *
The killer bee stings you but does no damage. x2
It was a potion of attraction.
You feel attractive to monsters.
* * * LOW HITPOINT WARNING * * *
You feel very sick. The killer bee stings you.
* * * LOW HITPOINT WARNING * * *
The killer bee stings you.
* * * LOW HITPOINT WARNING * * *
Unknown command.
Okay, then.
It was a potion of might.
You feel very mighty all of a sudden.
* * * LOW HITPOINT WARNING * * *
You feel very sick. The killer bee stings you.
* * * LOW HITPOINT WARNING * * *
The killer bee stings you but does no damage.
The killer bee barely misses you. The killer bee stings you.
You die...

... ######. #.# .......
#.# ......# ###.#
......# #...# .......
#†### ...Y..Y #.#
##.Y..Y.Y ####y#####
#..# #.♣yy....# ###.## .
. #.yy.∩...#
#...####>....##........#
..(......# #...........#
.#######.# ###.....#.###
.# #####.#.### ##
...##.....# #.....<..#
#######..#


You could see 5 killer bees.

Vanquished Creatures
  Gastronok (D:8)
  Pikel (D:5)
  Maggie (D:8)
  2 trolls
  Sigmund (D:4)
  A shadow (D:5)
  3 yaks (D:9)
  A wyvern (D:9)
  2 ice beasts
  An orc warrior (D:6)
  4 ogres
  A phantom (D:4)
  A kobold brigand (D:6)
  A bullfrog (D:7)
  A wyvern zombie (D:9)
  3 scorpions
  A water moccasin zombie (D:5)
  8 wights
  An electric eel (D:6)
  3 howler monkeys (D:8)
  2 jellies
  A gnoll shaman (D:6)
  3 hounds
  An orc priest (D:4)
  5 iguanas
  7 orc wizards
  7 gnolls
  A howler monkey skeleton (D:7)
  2 howler monkey zombies
  2 adders (D:4)
  2 river rats (D:3)
  4 white imps
  An ufetubus (D:4)
  2 worms
  2 dart slugs
  18 orcs
  4 ball pythons
  4 bats
  10 endoplasms
  5 giant cockroaches
  14 goblins
  8 hobgoblins
  10 jackals
  A quokka (D:4)
  3 training dummies (D:4)
  6 frilled lizards
  10 kobolds
  10 rats
183 creatures vanquished.

Vanquished Creatures (collateral kills)
  A yak (D:9)
  A killer bee (D:9)
2 creatures vanquished.

Vanquished Creatures (others)
  A yak (D:9)
1 creature vanquished.

Grand Total: 186 creatures vanquished

Notes
Turn   | Place    | Note
-------+----------+-------------------------------------------
     0 | D:1      | TheDoctor the Octopode Hedge Wizard began the quest for the
                  | Orb.
     0 | D:1      | Reached XP level 1. HP: 11/11 MP: 4/4
   142 | D:1      | Reached skill level 1 in Fighting
   142 | D:1      | Reached XP level 2. HP: 18/18 MP: 1/6
   716 | D:1      | Reached XP level 3. HP: 21/23 MP: 4/7
   878 | D:1      | Found a faded altar of an unknown god.
  1892 | D:2      | Learned a level 2 spell: Blink
  1896 | D:2      | Learned a level 3 spell: Mephitic Cloud
  1899 | D:2      | Learned a level 2 spell: Slow
  2133 | D:2      | Reached XP level 4. HP: 21/29 MP: 3/8
  3295 | D:3      | Reached XP level 5. HP: 12/36 MP: 6/9
  4234 | D:4      | Found Ponaos's Firing Range.
  4236 | D:4      | Noticed a phantom
  4293 | D:4      | Reached XP level 6. HP: 34/43 MP: 4/10
  5257 | D:4      | Noticed NFM's ghost (weakling MiFi)
  5257 | D:4      | Found a large runed translucent door.
  5257 | D:4      | Found a large runed translucent door.
  5275 | D:4      | Found a staircase to the Ecumenical Temple.
  5292 | Temple   | Entered the Ecumenical Temple
  5617 | D:4      | Noticed Sigmund
  5628 | D:4      | Killed Sigmund
  5629 | D:4      | Reached skill level 5 in Conjurations
  5629 | D:4      | Reached XP level 7. HP: 49/49 MP: 5/11
  5830 | D:4      | Reached skill level 5 in Fighting
  6739 | D:5      | Entered Level 5 of the Dungeon
  7471 | D:4      | Learned a level 3 spell: Conjure Flame
  7543 | D:5      | Reached XP level 8. HP: 42/55 MP: 7/14
  7588 | D:5      | Noticed a vampire
  8560 | D:5      | Noticed a shadow
  8575 | D:5      | Killed a shadow
  8576 | D:5      | Reached skill level 5 in Spellcasting
  8866 | D:5      | Reached skill level 1 in Poison Magic
  9098 | D:5      | Noticed Pikel
  9159 | D:5      | Killed Pikel
  9160 | D:5      | Reached skill level 2 in Throwing
  9160 | D:5      | Reached XP level 9. HP: 21/61 MP: 16/16
  9376 | D:5      | Reached skill level 3 in Throwing
  9925 | D:6      | Reached skill level 4 in Throwing
 10015 | D:6      | Found a glowing silver altar of Zin.
 10015 | D:6      | Found a hide-covered altar of Uskayaw.
 10016 | D:6      | Found a shimmering blue altar of Sif Muna.
 10016 | D:6      | Found a sacrificial altar of Ru.
 10016 | D:6      | Found a basalt altar of Yredelemnul.
 10072 | D:6      | Became a worshipper of Sif Muna the Loreminder
 10317 | D:6      | Identified the ring "Zicicarr" {rN+ Int+5 Dex+6}
 10783 | D:6      | Found Sinyinon's Antique Weapon Boutique.
 10828 | D:6      | Found Lyepot's Assorted Antiques.
 10831 | D:6      | Found Holetzoh's Armour Emporium.
 10831 | D:6      | Found Ujial's Antique Weapon Boutique.
 11192 | D:7      | Reached skill level 1 in Evocations
 11382 | D:7      | Found a sparkling altar of Nemelex Xobeh.
 12050 | D:7      | Noticed a troll
 12077 | D:7      | Killed a troll
 12261 | D:8      | Noticed a troll
 12309 | D:8      | Killed a troll
 12310 | D:8      | Reached skill level 5 in Evocations
 12530 | D:8      | Noticed Gastronok
 12859 | D:8      | Killed Gastronok
 12860 | D:8      | Reached skill level 7 in Throwing
 12860 | D:8      | Reached XP level 10. HP: 48/71 MP: 17/17
 13121 | D:8      | Noticed Maggie
 13134 | D:8      | Killed Maggie
 13135 | D:8      | Reached skill level 8 in Throwing
 13637 | D:8      | Noticed a gargoyle
 13893 | D:9      | Reached skill level 9 in Throwing
 13916 | D:9      | Reached skill level 1 in Hexes
 14305 | D:9      | Found Udghagg Jifa's Assorted Antiques.
 14954 | D:9      | Noticed a two-headed ogre
 14994 | D:9      | Slain by a killer bee

Illustrated notes

Levels and vault maps discovered:
D:1:      dpeg_arrival_three_same_balls, layout_basic,
          chequers_ecumenical_altar_simple_redux
D:2:      cheibrodos_greedy_goblins, layout_basic, amcnicky_mini_pool_small,
          minmay_misc_feat_hallway
D:3:      layout_basic, portal_sewer_entry_e, serial_rivers,
          chequers_serial_rivers_marsh, chequers_serial_rivers_micro_e,
          chequers_serial_rivers_micro_c, chequers_serial_rivers_micro_a,
          chequers_serial_rivers_small_a, chequers_serial_rivers_micro_d,
          eino_tiny_chamber
D:4:      layout_rooms, minmay_temple_entry_offerings,
          ebering_ghost_disaster_area, nicolae_shop_firing_range, uniq_sigmund
D:5:      layout_rooms, hangedman_abyss_or_decor_stabs, uniq_pikel
D:6:      layout_basic, grunt_temple_overflow_open, minmay_tree_intersection,
          minivault_11, nicolae_wooded_promenade
D:7:      layout_gridville, nemelex_diamond_rough_becter, minmay_misc_feat_cross
D:8:      layout_basic, uniq_maggie, uniq_gastronok
D:9:      layout_rooms, serial_shops, shop
Temple:   bh_familiar_temple

Skill      XL: |  1  2  3  4  5  6  7  8  9 10 |
---------------+-------------------------------+-----
Fighting       | 1 2 3 4 5 7 |  7.0
Conjurations   | 2 3 4 5 6 7 |  7.0
Spellcasting   | 4 5 |  5.0
Poison Magic   | 3 |  3.0
Translocations | 4 |  4.0
Throwing       | 2 7 9 |  9.1
Evocations     | 5 |  5.0
Hexes          | 3 |  3.0
Dodging        | |  2.0
Stealth        | |  2.6
Summonings     | |  1.0

Action                   |  1- 3 |  4- 6 |  7- 9 | 10-12 || total
-------------------------+-------+-------+-------+-------++-------
Melee: Dagger            |    38 |    49 |   137 |    45 ||   269
       Constrict         |     8 |    17 |    34 |     7 ||    66
       Tentacles         |     4 |    10 |    36 |    17 ||    67
       Short sword       |       |       |     4 |       ||     4
       Halberd           |       |       |     3 |       ||     3
Throw: Dart              |       |       |    36 |     3 ||    39
       Throwing net      |       |       |     1 |       ||     1
       Boomerang         |       |       |     7 |       ||     7
 Cast: Magic Dart        |    94 |   111 |   256 |    36 ||   497
       Blink             |       |     3 |    21 |    11 ||    35
       Mephitic Cloud    |       |     1 |    16 |     5 ||    22
       Conjure Flame     |       |       |    11 |     5 ||    16
       Slow              |       |       |     1 |     2 ||     3
Evoke: Wand              |       |       |     7 |     9 ||    16
  Use: Scroll            |       |     3 |     5 |     1 ||     9
       Potion            |       |       |     1 |     3 ||     4
 Stab: Confused          |       |     2 |     7 |     4 ||    13
       Sleeping          |       |     1 |     1 |     1 ||     3
Armor: Skin              |     2 |     2 |     5 |    18 ||    27
Dodge: Dodged            |    19 |    33 |   101 |    34 ||   187
